 Dungeon Crawl Stone Soup version 0.27.1-1-g398f81649c (console) character file.

Game seed: 3267455821175727030

121 om the Sneak (level 5, 0/28 HPs)
             Began as a Kobold Enchanter on Sept 8, 2021.
             Slain by a kobold (3 damage)
             ... in a sewer.
             The game lasted 00:05:07 (3490 turns).

om the Sneak (Kobold Enchanter)                     Turns: 3490, Time: 00:05:07

Health: 0/28       AC:  3    Str:  6    XL:     5   Next: 26%
Magic:  5/9        EV: 15    Int: 16    God:
Gold:   86         SH:  0    Dex: 16    Spells: 4/10 levels left

rFire    . . .     SeeInvis .   g - +3 short sword (elec)
rCold    . . .     Faith    .   (shield restricted)
rNeg     . . .     Spirit   .   b - +1 robe
rPois    +         Reflect  .   (no helmet)
rElec    .         Harm     .   (no cloak)
rCorr    .         Rampage  .   (no gloves)
Will     .....                  (no boots)
Stlth    ++++......             (no amulet)
HPRegen  0.09/turn              d - ring of poison resistance
MPRegen  0.11/turn              (no ring)

@: no status effects
A: small, no large weapons, nightstalker 3
a: no special abilities


You were in a sewer.
You visited 1 branch of the dungeon, and saw 3 of its levels.
You also visited: Sewer.

You collected 86 gold pieces.

Inventory:

Hand Weapons
 g - a +3 short sword of electrocution (weapon)
Armour
 b - a +1 robe (worn)
Jewellery
 d - a ring of poison resistance (left hand)
 e - a ring of fire
Potions
 a - 2 potions of haste
 c - a potion of cancellation {unknown}


   Skills:
 + Level 2.7 Short Blades
 + Level 3.3 Dodging
 + Level 4.8 Stealth
 - Level 3.0 Spellcasting
 * Level 3.9 Hexes


You had 4 spell levels left.
You knew the following spells:

 Your Spells              Type           Power      Damage    Failure   Level
a - Corona                Hex            16%        N/A       3%          1
b - Ensorcelled Hibernat  Hex/Ice        16%        N/A       13%         2
c - Confusing Touch       Hex            15%        N/A       11%         3

Your spell library contained the following spells:

 Spells                   Type           Power      Damage    Failure   Level
 Tukima's Dance           Hex            15%        N/A       11%         3
 Magic Dart               Conj           8%         1d3       19%         1
 Dazzling Flash           Conj/Hex       16%        N/A       26%         3
 Call Imp                 Summ           2%         N/A       28%         2
 Mephitic Cloud           Conj/Pois/Air  2%         N/A       50%         3


Dungeon Overview and Level Annotations

Branches:
Dungeon (3/15)              Sewer (1/1)

Altars:

Annotations:
D:2 exclusion: upstairs


Innate Abilities, Weirdness & Mutations

You are small and have problems with some larger weapons.
You are completely attuned to the shadows.


Message History

You closely miss the kobold.
The kobold is moderately wounded.
The kobold completely misses you. The kobold closely misses you. x2
You miss the kobold. The kobold misses you. The kobold barely misses you.
The kobold hits you but does no damage.
You completely miss the kobold.
The kobold is moderately wounded.
The kobold hits you with a +0 short sword.
The kobold hits you with a +0 club. The kobold closely misses you.
You hit the kobold.
The kobold is severely wounded.
The kobold closely misses you. The kobold hits you with a +0 club.
* * * LOW HITPOINT WARNING * * *
The kobold closely misses you.
Okay, then.
Casting: Confusing Touch (quite dangerous; 11% risk of failure)
Confirm with . or Enter, or press ? or * to list all spells.
Aiming: Ensorcelled Hibernation (safe; 13% risk of failure)
Press: ? - help, Shift-Dir - straight line, f - kobold
Aim: a kobold, wielding a +0 dagger of protection and quivering stones (chance to affect: 57%)
The kobold looks drowsy...
The kobold hits you with a +0 short sword.
* * * LOW HITPOINT WARNING * * *
The kobold barely misses you.
The helpless kobold fails to defend itself.
You puncture the kobold!
You kill the kobold!
The kobold misses you. The kobold closely misses you.
Casting: Ensorcelled Hibernation (safe; 13% risk of failure)
Confirm with . or Enter, or press ? or * to list all spells.
Aiming: Ensorcelled Hibernation (safe; 13% risk of failure)
Press: ? - help, Shift-Dir - straight line, f - kobold
Aim: a kobold, wielding a +0 short sword (moderately wounded, chance to affect: 57%)
The kobold resists with significant effort.
The kobold hits you with a +0 short sword.
* * * LOW HITPOINT WARNING * * *
The kobold closely misses you.
You barely miss the kobold.
The kobold is moderately wounded.
The kobold completely misses you. The kobold hits you with a +0 club.
You die...

#!!#!!# ?...?
##...## #.....#
#..)..# ###)###≈
#K@K.≈≈ #...≈≈≈≈
#...≈≈≈≈ #....≈≈≈
##....≈≈ ≈≈...r
#....# ≈≈....r
##..## ≈≈.≈....
#†.## ≈≈≈....#
#...##≈≈≈≈≈.....#
##....#≈≈≈≈≈....##
##......≈≈≈≈≈....##


You could see 2 kobolds.

Vanquished Creatures
  2 adders (Sewer)
  5 river rats (Sewer)
  A dart slug (D:1)
  An orc (D:3)
  4 bats
  4 endoplasms
  A giant cockroach (D:3)
  2 goblins
  4 hobgoblins
  7 kobolds
  A quokka (D:1)
  5 ball pythons
  5 frilled lizards
  21 rats
63 creatures vanquished.

Notes
Turn   | Place    | Note
-------+----------+-------------------------------------------
     0 | D:1      | om the Kobold Enchanter began the quest for the Orb.
     0 | D:1      | Reached XP level 1. HP: 10/10 MP: 3/3
   377 | D:1      | Found a faded altar of an unknown god.
   668 | D:1      | Reached XP level 2. HP: 8/15 MP: 3/5
  1009 | D:1      | Learned a level 2 spell: Ensorcelled Hibernation
  1814 | D:2      | Noticed a phantom
  2077 | D:2      | Reached XP level 3. HP: 19/19 MP: 4/6
  2081 | D:2      | Learned a level 3 spell: Confusing Touch
  3116 | D:3      | Found a glowing drain.
  3135 | Sewer    | Entered a sewer
  3173 | Sewer    | Reached XP level 4. HP: 15/24 MP: 3/8
  3434 | Sewer    | Reached XP level 5. HP: 28/28 MP: 9/9
  3490 | Sewer    | Slain by a kobold

Illustrated notes

Levels and vault maps discovered:
D:1:      lemuel_arrival_behind_the_door_large, layout_loops_ring,
          ebering_ecumenical_altar_rust
D:2:      layout_basic, kennysheep_generic_room_14
D:3:      layout_loops_cross, mainiacjoe_overflow_six_doors_small,
          cheibrodos_sewer_entry_bend, chequers_jeans
Sewer:    sewer_minmay_treatment

Skill      XL: |  1  2  3  4 |
---------------+-------------+-----
Short Blades   | 2 |  2.7
Dodging        | 3 |  3.3
Spellcasting   | 3 |  3.0
Stealth        | |  4.8
Hexes          | |  3.9

Action                   |  1- 3 |  4- 6 || total
-------------------------+-------+-------++-------
Melee: Dagger            |    42 |       ||    42
       Short sword       |    46 |    49 ||    95
 Cast: Corona            |     9 |       ||     9
       Ensorcelled Hiber |     2 |     5 ||     7
  Use: Scroll            |     6 |       ||     6
 Stab: Sleeping          |    19 |    13 ||    32
       Distracted        |       |     1 ||     1
Armor: Robe              |     8 |    10 ||    18
Dodge: Dodged            |    47 |    38 ||    85
